MLB
SAN DIEGO PADRES @ LOS ANGELES DODGERS
09/23/2018
 
TOP OF THE 1ST
San Diego Padres batting - Pitching for Los Angeles Dodgers : RHP Adbert Alzolay
Pitching: RHP Adbert Alzolay
Batting: RHB Jose Altuve 0-0: Bunt for hit to 5S - play at first, batter safe!
Batting: SHB Carlos Santana 0-0: Sac Bunt to 3S - play at first, batter OUT! 3-4
Jose Altuve to second
Batting: RHB Mitch Haniger 0-0: Swinging Strike
0-1: Ball
1-1: Fly out, F8 (Flyball, 89XD)
Runner from 2nd tags up, SAFE at 3rd, no throw by CF
Batting: LHB Mike Moustakas 0-0: Ball
1-0: Ball
2-0: Foul Ball, location: 2F
2-1: Foul Ball, location: 2F
2-2: Ball
3-2: Foul Ball, location: 2F
3-2: Foul Ball, location: 2F
3-2: Fly out, F9 (Line Drive, 9D)
Top of the 1st over - 0 runs, 1 hit, 0 errors, 1 left on base; San Diego 0 - Los Angeles 0
BOTTOM OF THE 1ST
Los Angeles Dodgers batting - Pitching for San Diego Padres : RHP Lance Lynn
Pitching: RHP Lance Lynn
Batting: RHB Jose Peraza 0-0: Swinging Strike
0-1: SINGLE (Groundball, 34D)
Batting: LHB Brett Gardner 0-0: Ball
1-0: Called Strike
1-1: Ball
2-1: Ball
3-1: Swinging Strike
3-2: Fly out, F9 (Line Drive, 9D)
Batting: RHB Mookie Betts 0-0: Grounds into double play, 6-4-3 (Groundball, 6M)
Bottom of the 1st over - 0 runs, 1 hit, 0 errors, 0 left on base; San Diego 0 - Los Angeles 0
TOP OF THE 2ND
San Diego Padres batting - Pitching for Los Angeles Dodgers : RHP Adbert Alzolay
Batting: LHB David Peralta 0-0: Ball
1-0: Ball
2-0: Ball
3-0: Base on Balls
Batting: RHB Yadier Molina 0-0: Fly out, F8 (Line Drive, 8RM)
Batting: SHB Freddy Galvis 0-0: Called Strike
David Peralta steals 2nd, throwing error, E2
David Peralta to third
0-1: Fly out, F6 (Line Drive, 6)
Batting: RHB Lorenzo Cain 0-0: Called Strike
0-1: Ball
1-1: Ball
2-1: Ball
3-1: Base on Balls
Batting: SHB Lance Lynn 0-0: Called Strike
0-1: Foul Ball, location: 2F
0-2: Foul Ball, location: 2F
0-2: Ball
1-2: Strikes out swinging
Top of the 2nd over - 0 runs, 0 hits, 1 error, 2 left on base; San Diego 0 - Los Angeles 0
BOTTOM OF THE 2ND
Los Angeles Dodgers batting - Pitching for San Diego Padres : RHP Lance Lynn
Batting: RHB Josh Donaldson 0-0: Called Strike
0-1: Ball
1-1: Foul Ball, location: 2F
1-2: Strikes out swinging
Batting: RHB Randal Grichuk 0-0: Foul Ball, location: 2F
0-1: Foul Ball, location: 2F
0-2: Ball
1-2: Ball
2-2: Ground out 6-3 (Groundball, 56)
Batting: RHB Jonathan Schoop 0-0: Fly out, F4 (Popup, 6M)
Bottom of the 2nd over - 0 runs, 0 hits, 0 errors, 0 left on base; San Diego 0 - Los Angeles 0
TOP OF THE 3RD
San Diego Padres batting - Pitching for Los Angeles Dodgers : RHP Adbert Alzolay
Batting: RHB Jose Altuve 0-0: Called Strike
0-1: Ball
1-1: Swinging Strike
1-2: Ball
2-2: Foul Ball, location: 2F
2-2: SOLO HOME RUN (Flyball, 7LD), Distance : 336 ft
Batting: SHB Carlos Santana 0-0: Swinging Strike
0-1: Fly out, F9 (Line Drive, 9D)
Batting: RHB Mitch Haniger 0-0: Ball
1-0: Foul Ball, location: 2F
1-1: DOUBLE (Line Drive, 8RXD)
Batting: LHB Mike Moustakas 0-0: Ground out U3 (Groundball, 3L)
Mitch Haniger to third
Batting: LHB David Peralta 0-0: Ball
1-0: SINGLE (Line Drive, 56D)
Mitch Haniger scores
Batting: RHB Yadier Molina 0-0: Foul Ball, location: 2F
0-1: SINGLE (Line Drive, 3D)
David Peralta to second
Batting: SHB Freddy Galvis 0-0: Foul Ball, location: 2F
0-1: Ball
1-1: Called Strike
1-2: DOUBLE (Flyball, 8LXD)
David Peralta scores
Yadier Molina to third
Runner from 3rd tries for Home, SAFE, no throw by CF
Batting: RHB Lorenzo Cain 0-0: Swinging Strike
0-1: Ball
1-1: SINGLE (Flyball, 56D)
Freddy Galvis to third
Runner from 3rd tries for Home, SAFE, throw by LF to home
Batting: SHB Lance Lynn 0-0: Ball
Pickoff Throw to First - Error! E1
Lorenzo Cain to second
1-0: Ball
2-0: Ground out 4-3 (Groundball, 4)
Top of the 3rd over - 5 runs, 6 hits, 1 error, 1 left on base; San Diego 5 - Los Angeles 0
BOTTOM OF THE 3RD
Los Angeles Dodgers batting - Pitching for San Diego Padres : RHP Lance Lynn
Batting: RHB Evan Gattis 0-0: Ground out 4-3 (Groundball, 4)
Batting: SHB Justin Smoak 0-0: Called Strike
0-1: Ground out 4-3 (Groundball, 34D)
Pinch Hitting: SHB Wilmer Difo 0-0: Ball
1-0: Swinging Strike
1-1: Swinging Strike
1-2: Ball
2-2: Foul Ball, location: 2F
2-2: Ball
3-2: Foul Ball, location: 2F
3-2: SINGLE (Line Drive, 3D)
Batting: RHB Jose Peraza 0-0: Ball
1-0: Foul Ball, location: 2F
1-1: Fielders Choice at 2nd, 6-4 (Groundball, 6)
Bottom of the 3rd over - 0 runs, 1 hit, 0 errors, 1 left on base; San Diego 5 - Los Angeles 0
TOP OF THE 4TH
San Diego Padres batting - Pitching for Los Angeles Dodgers : RHP Adbert Alzolay
Pitching: RHP Matt Festa
Batting: RHB Jose Altuve 0-0: Ground out 1-3 (Groundball, P)
Batting: SHB Carlos Santana 0-0: Ball
1-0: Ball
2-0: Ball
3-0: Base on Balls
Batting: RHB Mitch Haniger 0-0: Fielders Choice at 2nd, 4-6 (Groundball, 4)
Batting: LHB Mike Moustakas 0-0: Ball
1-0: Fly out, F7 (Flyball, 78D)
Top of the 4th over - 0 runs, 0 hits, 0 errors, 1 left on base; San Diego 5 - Los Angeles 0
BOTTOM OF THE 4TH
Los Angeles Dodgers batting - Pitching for San Diego Padres : RHP Lance Lynn
Batting: LHB Brett Gardner 0-0: Ground out 1-3 (Groundball, 13S)
Batting: RHB Mookie Betts 0-0: Ball
1-0: SINGLE (Flyball, 78S)
Batting: RHB Josh Donaldson 0-0: Foul Ball, location: 2F
0-1: Called Strike
0-2: Fly out, F8 (Flyball, 89M)
Batting: RHB Randal Grichuk 0-0: Ball
1-0: Ball
2-0: Ball
3-0: Base on Balls
Mookie Betts to second
Batting: RHB Jonathan Schoop 0-0: Called Strike
0-1: 3-RUN HOME RUN (Flyball, 78XD), Distance : 389 ft
Batting: RHB Evan Gattis 0-0: Ball
1-0: Called Strike
1-1: Ball
2-1: Fly out, F9 (Flyball, 9D)
Bottom of the 4th over - 3 runs, 2 hits, 0 errors, 0 left on base; San Diego 5 - Los Angeles 3
TOP OF THE 5TH
San Diego Padres batting - Pitching for Los Angeles Dodgers : RHP Matt Festa
Batting: LHB David Peralta 0-0: Called Strike
0-1: Ball
1-1: Called Strike
1-2: Foul Ball, location: 2F
1-2: Ball
2-2: SINGLE (Line Drive, 78M)
Batting: RHB Yadier Molina 0-0: Called Strike
0-1: Foul Ball, location: 2F
0-2: SINGLE (Groundball, 56D)
David Peralta to second
Batting: SHB Freddy Galvis 0-0: Ball
1-0: Swinging Strike
1-1: Called Strike
1-2: Ball
2-2: Foul Ball, location: 2F
2-2: Grounds into double play, 4-6-3 (Groundball, 4)
David Peralta to third
Batting: RHB Lorenzo Cain 0-0: Intentional Walk
Batting: SHB Lance Lynn 0-0: Fly out, F7 (Flyball, 7S)
Top of the 5th over - 0 runs, 2 hits, 0 errors, 2 left on base; San Diego 5 - Los Angeles 3
BOTTOM OF THE 5TH
Los Angeles Dodgers batting - Pitching for San Diego Padres : RHP Lance Lynn
Batting: SHB Justin Smoak 0-0: SINGLE (Line Drive, 89S)
Batting: RHB Matt Festa 0-0: Sac Bunt to 15S - play at first, batter OUT! 1-4
Justin Smoak to second
Batting: RHB Jose Peraza 0-0: Ball
1-0: Ball
2-0: Ground out 5-3 (Groundball, 56D)
Batting: LHB Brett Gardner 0-0: Called Strike
0-1: Ball
1-1: Foul Ball, location: 2F
1-2: Ball
2-2: Foul Ball, location: 2F
2-2: Ball
3-2: Fly out, F8 (Flyball, 8LXD)
Bottom of the 5th over - 0 runs, 1 hit, 0 errors, 1 left on base; San Diego 5 - Los Angeles 3
TOP OF THE 6TH
San Diego Padres batting - Pitching for Los Angeles Dodgers : RHP Matt Festa
Batting: RHB Jose Altuve 0-0: Ball
1-0: Fly out, F8 (Flyball, 8RS)
Batting: SHB Carlos Santana 0-0: Called Strike
0-1: Ball
1-1: Ball
2-1: Foul Ball, location: 2F
2-2: Ball
3-2: DOUBLE (Flyball, 89D)
Pitching: RHP Ryne Stanek
Batting: RHB Mitch Haniger 0-0: Called Strike
0-1: Fly out, F8 (Flyball, 89XD)
Runner from 2nd tags up, SAFE at 3rd, no throw by CF
Batting: LHB Mike Moustakas 0-0: Swinging Strike
0-1: Fly out, F8 (Flyball, 8RS)
Top of the 6th over - 0 runs, 1 hit, 0 errors, 1 left on base; San Diego 5 - Los Angeles 3
BOTTOM OF THE 6TH
Los Angeles Dodgers batting - Pitching for San Diego Padres : RHP Lance Lynn
Batting: RHB Mookie Betts 0-0: Swinging Strike
0-1: Ball
1-1: Fly out, F8 (Line Drive, 8LM)
Batting: RHB Josh Donaldson 0-0: Called Strike
0-1: Ball
1-1: Called Strike
1-2: Ball
2-2: Ground out 6-3 (Groundball, 6)
Batting: RHB Randal Grichuk 0-0: Ball
1-0: Ball
2-0: SINGLE (Groundball, 6MD)
Batting: RHB Jonathan Schoop 0-0: 2-RUN HOME RUN (Flyball, 9LD), Distance : 356 ft
Pitching: RHP Hunter Strickland
Batting: RHB Evan Gattis 0-0: Ball
1-0: Fly out, F3 (Popup, 3SF)
Bottom of the 6th over - 2 runs, 2 hits, 0 errors, 0 left on base; San Diego 5 - Los Angeles 5
TOP OF THE 7TH
San Diego Padres batting - Pitching for Los Angeles Dodgers : RHP Ryne Stanek
Batting: LHB David Peralta 0-0: Ball
1-0: Swinging Strike
1-1: Foul Ball, location: 2F
1-2: Ball
2-2: Ball
3-2: Foul Ball, location: 2F
3-2: Foul Ball, location: 2F
3-2: Foul Ball, location: 2F
3-2: Strikes out looking
Batting: RHB Yadier Molina 0-0: Called Strike
0-1: Foul Ball, location: 2F
0-2: Fly out, F8 (Flyball, 8RM)
Batting: SHB Freddy Galvis 0-0: Fly out, F7 (Line Drive, 7D)
Top of the 7th over - 0 runs, 0 hits, 0 errors, 0 left on base; San Diego 5 - Los Angeles 5
BOTTOM OF THE 7TH
Los Angeles Dodgers batting - Pitching for San Diego Padres : RHP Hunter Strickland
Batting: SHB Justin Smoak 0-0: Foul Ball, location: 2F
0-1: Ball
1-1: Ball
2-1: Foul Ball, location: 2F
2-2: Ball
3-2: Ground out U3 (Groundball, 3)
Pinch Hitting: LHB Brian Goodwin 0-0: Ball
1-0: Foul Ball, location: 2F
1-1: Ball
2-1: Ball
3-1: Called Strike
3-2: Foul Ball, location: 2F
3-2: Strikes out swinging
Batting: RHB Jose Peraza 0-0: Called Strike
0-1: Fly out, F9 (Line Drive, 9)
Bottom of the 7th over - 0 runs, 0 hits, 0 errors, 0 left on base; San Diego 5 - Los Angeles 5
TOP OF THE 8TH
San Diego Padres batting - Pitching for Los Angeles Dodgers : RHP Ryne Stanek
Pitching: RHP Phil Maton
Batting: RHB Lorenzo Cain 0-0: Ball
1-0: Ball
2-0: Swinging Strike
2-1: Foul Ball, location: 2F
2-2: Strikes out swinging
Pinch Hitting: RHB Jose Pirela 0-0: Called Strike
0-1: Swinging Strike
0-2: Strikes out swinging
Batting: RHB Jose Altuve 0-0: Ball
1-0: SINGLE (Line Drive, 8LS)
Batting: SHB Carlos Santana 0-0: DOUBLE (Line Drive, 89D)
Jose Altuve to third
Runner from 3rd tries for Home, SAFE, throw by RF to home
Batting: RHB Mitch Haniger 0-0: Foul Ball, location: 2F
0-1: Ball
1-1: Called Strike
1-2: Fly out, F8 (Flyball, 8RD)
Top of the 8th over - 1 run, 2 hits, 0 errors, 1 left on base; San Diego 6 - Los Angeles 5
BOTTOM OF THE 8TH
Los Angeles Dodgers batting - Pitching for San Diego Padres : RHP Hunter Strickland
Pitching: LHP Kyle McGrath
Batting: LHB Brett Gardner 0-0: SINGLE (Line Drive, 7LM)
Pitching: RHP Archie Bradley
Batting: RHB Mookie Betts 0-0: Ball
1-0: Ball
2-0: Called Strike
2-1: Called Strike
2-2: Ball
3-2: Base on Balls
Brett Gardner to second
Batting: RHB Josh Donaldson 0-0: Foul Ball, location: 2F
0-1: Swinging Strike
0-2: SINGLE (Groundball, 6MD)
Brett Gardner to third
Mookie Betts to second
Runner from 3rd tries for Home, SAFE, throw by CF to home
Batting: RHB Randal Grichuk 0-0: Ball
1-0: Fly out, F7 (Line Drive, 7)
Batting: RHB Jonathan Schoop 0-0: Ball
1-0: Ball
2-0: Swinging Strike
2-1: Swinging Strike
2-2: Ball
3-2: Fly out, F8 (Flyball, 8RS)
Batting: RHB Evan Gattis 0-0: Ball
1-0: Ball
2-0: Ball
3-0: Called Strike
3-1: Fly out, F7 (Flyball, 78S)
Bottom of the 8th over - 1 run, 2 hits, 0 errors, 2 left on base; San Diego 6 - Los Angeles 6
TOP OF THE 9TH
San Diego Padres batting - Pitching for Los Angeles Dodgers : RHP Phil Maton
Pitching: RHP Cody Allen
Now at C: Tony Wolters
Batting: LHB Mike Moustakas 0-0: Ball
1-0: Foul Ball, location: 2F
1-1: Called Strike
1-2: Strikes out swinging
Batting: LHB David Peralta 0-0: Ball
1-0: Ground out 5-3 (Groundball, 56)
Batting: RHB Yadier Molina 0-0: Ball
1-0: Called Strike
1-1: Foul Ball, location: 2F
1-2: Strikes out swinging
Top of the 9th over - 0 runs, 0 hits, 0 errors, 0 left on base; San Diego 6 - Los Angeles 6
BOTTOM OF THE 9TH
Los Angeles Dodgers batting - Pitching for San Diego Padres : RHP Archie Bradley
Pitching: LHP A.J. Minter
Batting: SHB Justin Smoak 0-0: Ball
1-0: Ball
2-0: Ball
3-0: Base on Balls
Batting: LHB Tony Wolters 0-0: Ball
1-0: Ball
2-0: Ball
3-0: Base on Balls
Justin Smoak to second
Batting: RHB Jose Peraza 0-0: Ball
1-0: Sac Bunt to 23 - play at first, batter OUT! 3-4
Justin Smoak to third
Tony Wolters to second
Batting: LHB Brett Gardner 0-0: Foul Ball, location: 2F
0-1: Called Strike
0-2: SINGLE (Groundball, 6) (infield hit)
Justin Smoak scores
Tuesday, December 4th, 2018 - OOTP Baseball 19.10 Build 122